General information
- name: BNet
- type: Ladder team game (AT/RT)
- host: Battle.net
- saver: TEELO-CLONE
map: Friends
- players: 8
- length: 35:53
- speed: Fast
- version: 1.26 W3XP
- replay type: Public
» download(234 KB)
Players
team 1 (loser)
Blade_Knight (
red | 51 APM | 1699 actions | 33:26)
8 Mountain King
3 Storm Bolt
3 Bash
1 Avatar
1 Thunder Clap
» actions
| Assign group hotkey | 20 | |
| Basic commands | 20 | |
| Build / train | 88 | |
| Enter build submenu | 22 | |
| Enter hero's abilities submenu | 8 | |
| Remove unit from queue | 1 | |
| Right click | 804 | |
| Select / deselect | 238 | |
| Select group hotkey | 445 | |
| Use ability | 53 | |
1699 total
» units
| Peasant | 14 | |
| Rifleman | 10 | |
| Mortar Team | 9 | |
| Flying Machine | 23 | |
56 total
» upgrades
| Gunpowder | 3 | |
| Armor | 2 | |
| Long Rifles | 1 | |
| Fragmentation Shards | 1 | |
| Flare | 1 | |
| Flying Machine Bombs | 1 | |
| Lumber Harvesting | 1 | |
| Flak Cannons | 1 | |
11 total
» buildings
| Altar of Kings | 1 | |
| Farm | 11 | |
| Barracks | 1 | |
| Blacksmith | 1 | |
| Lumber Mill | 1 | |
| Scout Tower | 1 | |
| Arcane Tower | 1 | |
| Arcane Vault | 2 | |
| Keep | 1 | |
| Castle | 1 | |
| Workshop | 1 | |
| Town Hall | 2 | |
| Watch Tower | 4 | |
28 total
» build order
00:35 Altar of Kings
00:41 Farm
00:58 Barracks
01:05 Blacksmith
01:25 Farm
01:45 Lumber Mill
02:29 Scout Tower
03:09 Arcane Tower
03:14 Arcane Vault
05:00 Keep
05:01 Farm
05:01 Farm
05:57 Farm
06:29 Farm
07:12 Arcane Vault
07:29 Castle
07:32 Workshop
09:37 Farm
10:30 Farm
12:01 Farm
15:56 Farm
15:56 Farm
16:38 Town Hall
21:57 Town Hall
24:19 Watch Tower
24:21 Watch Tower
24:24 Watch Tower
24:25 Watch Tower
» items
| Scroll of Regeneration | 3 | |
| Lesser Clarity Potion | 2 | |
| Scroll of Town Portal | 1 | |
| Orb of Fire | 1 | |
| Potion of Healing | 1 | |
8 total
zP.raw (
orange | 125 APM | 4483 actions | 35:46)
7 Blademaster
3 Wind Walk
3 Critical Strike
1 Bladestorm
6 Shadow Hunter
3 Hex
3 Healing Wave
» actions
| Assign group hotkey | 146 | |
| Basic commands | 39 | |
| Build / train | 95 | |
| ESC pressed | 3 | |
| Enter build submenu | 27 | |
| Enter hero's abilities submenu | 15 | |
| Give item / drop item | 4 | |
| Right click | 2154 | |
| Select / deselect | 866 | |
| Select group hotkey | 914 | |
| Use ability | 220 | |
4483 total
» units
| Peon | 14 | |
| Grunt | 8 | |
| Wind Rider | 10 | |
| Troll Batrider | 19 | |
51 total
» upgrades
» buildings
| Altar of Storms | 1 | |
| Orc Burrow | 14 | |
| War Mill | 2 | |
| Voodoo Lounge | 1 | |
| Barracks | 1 | |
| Stronghold | 2 | |
| Beastiary | 2 | |
| Fortress | 2 | |
| Great Hall | 2 | |
27 total
» build order
00:05 Altar of Storms
00:17 Orc Burrow
00:57 War Mill
00:59 War Mill
01:03 Voodoo Lounge
01:51 Barracks
02:32 Orc Burrow
03:29 Stronghold
03:29 Stronghold
04:23 Orc Burrow
06:01 Beastiary
06:02 Beastiary
06:37 Orc Burrow
08:18 Orc Burrow
09:47 Fortress
16:36 Orc Burrow
17:29 Orc Burrow
17:30 Orc Burrow
17:34 Orc Burrow
21:46 Great Hall
22:34 Great Hall
22:38 Orc Burrow
22:39 Orc Burrow
22:40 Orc Burrow
22:41 Orc Burrow
22:42 Orc Burrow
» items
| Healing Salve | 5 | |
| Lesser Clarity Potion | 8 | |
| Scroll of Speed | 3 | |
| Potion of Mana | 1 | |
| Orb of Lightning | 1 | |
18 total
TheBlackSabbath (
purple | 14 APM | 285 actions | 20:15)
2 Tauren Chieftain
1 Shockwave
1 Endurance Aura
» actions
| Basic commands | 10 | |
| Build / train | 39 | |
| Enter build submenu | 25 | |
| Enter hero's abilities submenu | 2 | |
| Remove unit from queue | 3 | |
| Right click | 55 | |
| Select / deselect | 123 | |
| Use ability | 28 | |
285 total
» units
| Peon | 12 | |
| Grunt | 9 | |
| Demolisher | 1 | |
| Wind Rider | 4 | |
26 total
» upgrades
| Melee Weapons | 1 | |
| Armor | 1 | |
| Spiked Barricades | 1 | |
| Berserker Strength | 1 | |
4 total
» buildings
| Orc Burrow | 9 | |
| Altar of Storms | 1 | |
| Barracks | 2 | |
| War Mill | 2 | |
| Watch Tower | 6 | |
| Voodoo Lounge | 1 | |
| Stronghold | 1 | |
| Beastiary | 1 | |
23 total
» build order
00:47 Orc Burrow
00:56 Altar of Storms
01:25 Barracks
02:15 War Mill
02:31 War Mill
02:53 Orc Burrow
03:23 Orc Burrow
04:10 Watch Tower
05:18 Orc Burrow
05:42 Watch Tower
06:10 Watch Tower
06:33 Orc Burrow
06:40 Orc Burrow
06:54 Voodoo Lounge
07:09 Watch Tower
07:12 Stronghold
07:52 Orc Burrow
10:00 Orc Burrow
10:30 Barracks
10:44 Watch Tower
10:52 Beastiary
11:36 Orc Burrow
12:46 Watch Tower
» items
| Healing Salve | 1 | |
| Scroll of Speed | 1 | |
2 total
TEELO-CLONE (
pink | 69 APM | 2466 actions | 35:53)
5 Mountain King
3 Storm Bolt
2 Bash
» actions
| Assign group hotkey | 31 | |
| Basic commands | 243 | |
| Build / train | 62 | |
| Enter build submenu | 13 | |
| Enter hero's abilities submenu | 5 | |
| Give item / drop item | 6 | |
| Right click | 1100 | |
| Select / deselect | 164 | |
| Select group hotkey | 760 | |
| Use ability | 82 | |
2466 total
» units
| Peasant | 10 | |
| Gryphon Rider | 9 | |
| Goblin Shredder | 1 | |
20 total
» upgrades
| Masonry | 2 | |
| Lumber Harvesting | 1 | |
| Storm Hammers | 1 | |
| Animal War Training | 1 | |
| Swords | 3 | |
| Armor | 3 | |
11 total
» buildings
| Altar of Kings | 1 | |
| Farm | 14 | |
| Lumber Mill | 1 | |
| Scout Tower | 1 | |
| Arcane Tower | 1 | |
| Keep | 3 | |
| Castle | 2 | |
| Gryphon Aviary | 6 | |
| Barracks | 1 | |
| Blacksmith | 1 | |
| Arcane Vault | 1 | |
| Town Hall | 1 | |
33 total
» build order
00:08 Altar of Kings
00:21 Farm
00:50 Lumber Mill
01:27 Scout Tower
01:55 Arcane Tower
01:59 Farm
03:13 Keep
03:13 Keep
04:47 Farm
04:47 Farm
04:48 Farm
04:49 Farm
04:49 Farm
04:49 Farm
05:52 Castle
05:57 Gryphon Aviary
05:58 Gryphon Aviary
05:58 Gryphon Aviary
06:56 Barracks
06:57 Blacksmith
08:37 Arcane Vault
10:58 Town Hall
13:14 Gryphon Aviary
13:15 Gryphon Aviary
13:16 Gryphon Aviary
19:10 Farm
19:10 Farm
19:11 Farm
19:11 Farm
28:45 Keep
» items
| Potion of Healing | 2 | |
| Scroll of Town Portal | 8 | |
10 total
team 2 (winner)
JR0CK (
green | 49 APM | 1758 actions | 35:53)
4 Archmage
2 Summon Water Elemental
2 Brilliance Aura
4 Blood Mage
2 Flame Strike
2 Siphon Mana
» actions
| Assign group hotkey | 16 | |
| Basic commands | 1 | |
| Build / train | 94 | |
| ESC pressed | 1 | |
| Enter build submenu | 24 | |
| Enter hero's abilities submenu | 8 | |
| Remove unit from queue | 2 | |
| Right click | 1026 | |
| Select / deselect | 464 | |
| Select group hotkey | 5 | |
| Use ability | 117 | |
1758 total
» units
| Peasant | 27 | |
| Footman | 6 | |
| Gryphon Rider | 27 | |
60 total
» upgrades
| Lumber Harvesting | 2 | |
| Storm Hammers | 1 | |
| Swords | 1 | |
4 total
» buildings
| Altar of Kings | 3 | |
| Barracks | 1 | |
| Farm | 18 | |
| Arcane Vault | 1 | |
| Lumber Mill | 1 | |
| Keep | 1 | |
| Scout Tower | 33 | |
| Castle | 1 | |
| Gryphon Aviary | 3 | |
| Guard Tower | 14 | |
| Blacksmith | 1 | |
| Town Hall | 2 | |
79 total
» build order
00:06 Altar of Kings
00:10 Barracks
00:31 Farm
01:19 Farm
01:49 Arcane Vault
02:57 Farm
03:02 Lumber Mill
03:54 Keep
05:05 Scout Tower
05:06 Scout Tower
05:08 Scout Tower
06:25 Castle
06:27 Gryphon Aviary
06:28 Gryphon Aviary
06:30 Gryphon Aviary
06:32 Scout Tower
06:33 Scout Tower
06:34 Scout Tower
08:14 Guard Tower
08:14 Guard Tower
08:14 Guard Tower
08:15 Guard Tower
08:37 Farm
08:38 Farm
08:39 Farm
08:40 Farm
08:41 Farm
08:41 Farm
08:43 Farm
10:00 Blacksmith
11:01 Guard Tower
11:59 Guard Tower
11:59 Guard Tower
13:59 Farm
13:59 Farm
14:02 Farm
14:05 Farm
14:05 Farm
14:08 Farm
14:08 Farm
14:09 Farm
25:57 Scout Tower
25:57 Scout Tower
25:58 Scout Tower
26:00 Scout Tower
26:00 Scout Tower
26:01 Scout Tower
26:03 Scout Tower
26:03 Scout Tower
27:00 Altar of Kings
27:15 Scout Tower
27:16 Scout Tower
27:17 Scout Tower
27:18 Scout Tower
27:19 Scout Tower
27:20 Scout Tower
27:21 Scout Tower
27:22 Scout Tower
27:23 Scout Tower
27:24 Scout Tower
27:46 Town Hall
27:51 Guard Tower
27:59 Scout Tower
28:00 Scout Tower
28:00 Scout Tower
28:01 Scout Tower
28:02 Scout Tower
28:03 Scout Tower
28:04 Scout Tower
28:05 Scout Tower
28:07 Scout Tower
28:27 Guard Tower
28:48 Guard Tower
29:12 Guard Tower
30:32 Guard Tower
31:31 Town Hall
34:47 Altar of Kings
» items
| Scroll of Regeneration | 1 | |
| Potion of Healing | 1 | |
2 total
shadradoo (
yellow | 84 APM | 3020 actions | 35:53)
2 Blood Mage
1 Flame Strike
1 Siphon Mana
3 Pandaren Brewmaster
2 Breath of Fire
1 Drunken Haze
» actions
| Assign group hotkey | 10 | |
| Basic commands | 90 | |
| Build / train | 80 | |
| Enter build submenu | 36 | |
| Enter hero's abilities submenu | 5 | |
| Give item / drop item | 1 | |
| Remove unit from queue | 2 | |
| Right click | 1716 | |
| Select / deselect | 501 | |
| Select group hotkey | 477 | |
| Use ability | 102 | |
3020 total
» units
| Peasant | 20 | |
| Flying Machine | 4 | |
| Goblin Zeppelin | 1 | |
25 total
» upgrades
| Gunpowder | 2 | |
| Armor | 0 | |
| Plating | 2 | |
| Masonry | 1 | |
| Lumber Harvesting | 1 | |
| Flak Cannons | 1 | |
7 total
» buildings
| Altar of Kings | 2 | |
| Farm | 14 | |
| Arcane Vault | 1 | |
| Lumber Mill | 1 | |
| Scout Tower | 14 | |
| Blacksmith | 2 | |
| Arcane Tower | 3 | |
| Guard Tower | 15 | |
| Keep | 3 | |
| Castle | 1 | |
| Town Hall | 1 | |
| Workshop | 6 | |
| Cannon Tower | 1 | |
64 total
» build order
00:09 Altar of Kings
00:29 Farm
01:38 Arcane Vault
01:42 Lumber Mill
01:58 Farm
02:08 Scout Tower
02:15 Scout Tower
02:25 Blacksmith
02:42 Arcane Tower
02:54 Arcane Tower
03:20 Scout Tower
03:24 Scout Tower
03:40 Scout Tower
03:58 Guard Tower
04:02 Guard Tower
04:16 Guard Tower
04:16 Guard Tower
04:21 Scout Tower
04:30 Scout Tower
04:36 Scout Tower
04:40 Scout Tower
04:52 Guard Tower
05:02 Guard Tower
05:08 Guard Tower
05:16 Scout Tower
05:47 Guard Tower
05:48 Keep
06:24 Farm
06:35 Farm
06:49 Scout Tower
07:17 Guard Tower
07:28 Scout Tower
07:31 Farm
09:32 Guard Tower
09:33 Castle
10:36 Town Hall
11:53 Workshop
11:55 Workshop
11:56 Workshop
12:04 Workshop
12:08 Workshop
12:13 Workshop
12:46 Farm
12:48 Farm
12:49 Farm
12:50 Farm
12:50 Farm
12:51 Farm
12:52 Farm
12:53 Farm
14:19 Altar of Kings
14:55 Blacksmith
16:09 Keep
16:21 Scout Tower
16:26 Scout Tower
16:54 Cannon Tower
17:35 Guard Tower
17:36 Guard Tower
27:54 Farm
» items
| Scroll of Regeneration | 6 | |
| Lesser Clarity Potion | 3 | |
| Potion of Healing | 5 | |
| Potion of Mana | 1 | |
| Orb of Fire | 1 | |
16 total

»
ch0c0b0 (
blue | 40 APM | 612 actions | 15:22)
1 Pandaren Brewmaster
1 Breath of Fire
» actions
| Assign group hotkey | 3 | |
| Basic commands | 2 | |
| Build / train | 40 | |
| ESC pressed | 5 | |
| Enter build submenu | 14 | |
| Enter hero's abilities submenu | 1 | |
| Right click | 265 | |
| Select / deselect | 141 | |
| Select group hotkey | 99 | |
| Use ability | 42 | |
612 total
» units
» upgrades
» buildings
| Hunter's Hall | 1 | |
| Moon Well | 2 | |
| Altar of Elders | 2 | |
| Ancient Protector | 7 | |
| Ancient of War | 2 | |
14 total
» build order
00:12 Hunter's Hall
00:39 Moon Well
01:24 Altar of Elders
01:30 Altar of Elders
02:00 Ancient Protector
02:33 Moon Well
03:42 Ancient Protector
03:44 Ancient Protector
03:46 Ancient Protector
05:34 Ancient Protector
06:19 Ancient Protector
06:53 Ancient Protector
08:25 Ancient of War
08:26 Ancient of War
bulls94 (
teal | 55 APM | 882 actions | 15:59)
1 Keeper of the Grove
1 Force of Nature
» actions
| Build / train | 31 | |
| ESC pressed | 1 | |
| Enter build submenu | 10 | |
| Enter hero's abilities submenu | 1 | |
| Right click | 689 | |
| Select / deselect | 133 | |
| Use ability | 17 | |
882 total
» units
» upgrades
» buildings
| Altar of Elders | 1 | |
| Moon Well | 3 | |
| Ancient of War | 1 | |
| Hunter's Hall | 1 | |
| Tree of Ages | 1 | |
| Tree of Eternity | 1 | |
| Ancient of Lore | 2 | |
10 total
» build order
00:14 Altar of Elders
00:19 Moon Well
01:34 Ancient of War
01:39 Moon Well
02:46 Hunter's Hall
04:05 Tree of Ages
04:23 Moon Well
06:34 Tree of Eternity
07:19 Ancient of Lore
10:34 Ancient of Lore
» items
Chat log
(00:43 / All) bulls94: D
(00:43 / All) bulls94: D
(01:06 / All) TEELO-CLONE: sorry, car passed by my house, have wireless internet
(01:14 / All) zP.raw: gg
(01:15 / All) zP.raw: :)
(01:19 / All) zP.raw: car was paid
(01:20 / All) zP.raw: by teal
(01:47 / Allies) TheBlackSabbath: what sohuld i do
(01:55 / Allies) Blade_Knight: melee?
(02:00 / Allies) zP.raw: me a sexy model
(03:07 / All) zP.raw: lolo
(04:08 / All) ch0c0b0: |HEHEKKEOKOEKOLPPLP
(04:15 / All) TEELO-CLONE: BRAZIL SUCKS
(04:20 / All) TEELO-CLONE: AMERICA NUMBER ONE
(04:32 / All) TheBlackSabbath: not for much longer
(04:36 / All) TheBlackSabbath: obamacare
(04:50 / All) shadradoo: true that
(04:53 / All) TheBlackSabbath: what a fucking joke
(05:04 / All) TheBlackSabbath: predator bout to fly over my house
(05:33 / Allies) Blade_Knight: well that was fun
(05:38 / All) TEELO-CLONE: our 3 heros owned ur 4 armies
(05:46 / Allies) Blade_Knight: :)
(05:52 / All) shadradoo: i had an army?
(06:07 / All) TEELO-CLONE: dont talk back to ur daddy
(06:37 / All) ch0c0b0: PLEEZ CUM AGIN
(06:37 / All) TEELO-CLONE: someone build a shop lets camp these noobs
(06:40 / All) shadradoo: fuck u bob the builder
(06:56 / Allies) Blade_Knight: k
(07:00 / Allies) TheBlackSabbath: in creatoion
(07:53 / All) TEELO-CLONE: i am the little brother of kodos_forsaken, # 1 rank rt and solo player last season
(07:55 / All) TEELO-CLONE: u guys have no chance
(08:11 / Allies) Blade_Knight: thats a lot of hunts
(08:13 / All) TEELO-CLONE: my brother would own u so hard
(08:19 / Allies) Blade_Knight: shop
(08:23 / All) shadradoo: hes hard?
(08:28 / All) shadradoo: weird
(09:08 / All) TEELO-CLONE: guys its just orange and red
(09:11 / All) TEELO-CLONE: me and purple havent done shit
(09:15 / All) TEELO-CLONE: ur losing 4v2
(09:15 / Allies) TheBlackSabbath: do alot of people still play this game?
(09:24 / All) JR0CK: ive sent 2 footmen fatty
(09:26 / Allies) TheBlackSabbath: benn locked up for a while
(09:30 / All) JR0CK: 2v1 imo
(09:34 / All) bulls94: green hasnt done anything
(09:44 / Allies) Blade_Knight: haha this is funny
(09:52 / All) shadradoo: ive done everythign
(10:51 / All) shadradoo: spics
(10:58 / All) TheBlackSabbath: that hurts
(11:08 / All) TEELO-CLONE: orange is basically 1v4ing u guys
(11:11 / All) TheBlackSabbath: 39 percent of me
(11:24 / All) shadradoo: good for orange
(11:26 / All) shadradoo: very good man
(12:13 / All) bulls94: gg lmao
(12:22 / All) TEELO-CLONE: guys
(12:23 / All) Blade_Knight: i think this was a 2v4 game lol
(12:23 / All) TEELO-CLONE: its one player
(12:26 / All) TEELO-CLONE: ONE PLAYER
(12:30 / All) TEELO-CLONE: u cant beat one player?
(12:42 / All) bulls94: only green is helping
(12:45 / All) bulls94: yellow blows
(12:53 / All) bulls94: i cant buld a fucking army
(13:02 / All) bulls94: blue apperantly got destroyed
(13:09 / All) shadradoo: only mexicans build armies
(13:18 / All) bulls94: ^ stfu
(13:22 / All) shadradoo: umad?
(14:22 / All) TEELO-CLONE: u guys have the worst team ive ever seen
(14:24 / All) TEELO-CLONE: not even kidding
(14:40 / All) shadradoo: besides me
(14:54 / All) bulls94: YELLOW YOU ARNT FUCKING HELPING
(14:58 / Allies) Blade_Knight: gryso
(15:02 / All) shadradoo: exactly
(15:03 / All) bulls94: LET ALONE HELP YOUSELF
(15:10 / Allies) zP.raw: -_-
(15:11 / All) shadradoo: u dont need help man
(15:14 / All) shadradoo: ur fine
(15:27 / All) shadradoo: xD
(15:56 / Allies) zP.raw: [oml
(15:57 / Allies) zP.raw: pink
(15:58 / Allies) TheBlackSabbath: what up pink?
(15:59 / Allies) zP.raw: show the love
(16:06 / Allies) TheBlackSabbath: how humble
(16:16 / All) shadradoo: not trying at all pays off
(16:26 / Allies) TheBlackSabbath: pink
(16:26 / All) TEELO-CLONE: yellow u here
(16:39 / Allies) TheBlackSabbath: tello
(16:57 / Allies) TheBlackSabbath: hey
(16:59 / Allies) TheBlackSabbath:
(17:00 / Allies) TheBlackSabbath:
(17:03 / Allies) TheBlackSabbath: come on
(17:22 / All) shadradoo: eat giant bear
(17:24 / All) shadradoo: oh shit
(17:26 / All) shadradoo: already dead
(17:35 / All) TEELO-CLONE: yellow
(17:36 / All) TEELO-CLONE: im cong
(17:37 / All) TEELO-CLONE: lawl
(17:43 / Allies) TheBlackSabbath: what
(17:46 / All) shadradoo: whos cong?
(17:51 / All) zP.raw: LOL
(17:52 / All) zP.raw: TOLD
(17:53 / All) zP.raw: RAPED
(17:54 / All) zP.raw: ROFL
(18:32 / Allies) Blade_Knight: wtf pink?
(18:36 / Allies) zP.raw: he's
(18:38 / Allies) zP.raw: obviously
(18:42 / Allies) zP.raw: a viet
(18:42 / Allies) zP.raw: rofl
(18:47 / All) shadradoo: ahjh
(18:51 / All) shadradoo: a stand still
(18:59 / All) TEELO-CLONE: u guys have to defend urself a little
(19:00 / All) TEELO-CLONE: seriously
(19:11 / All) shadradoo: i got this
(19:16 / Allies) TheBlackSabbath: pink
(19:22 / Allies) TheBlackSabbath: you cant even respond
(19:28 / All) TEELO-CLONE: im helping u gys
(19:28 / All) TEELO-CLONE: now
(19:29 / Allies) TheBlackSabbath: man
(19:29 / All) TEELO-CLONE: ok?
(19:34 / All) shadradoo: ok
(19:35 / All) shadradoo: thanks
(19:37 / All) TEELO-CLONE: im on ur side
(19:38 / Allies) TheBlackSabbath: hat?
(19:52 / All) shadradoo: thanks:)
(19:57 / All) TheBlackSabbath: on my side like my president is
(19:59 / All) TheBlackSabbath: boy
(20:02 / All) shadradoo: lol
(20:03 / All) shadradoo: jokes
(20:26 / All) TEELO-CLONE: copming
(20:28 / All) TEELO-CLONE: run green
(20:29 / All) TEELO-CLONE: run
(20:42 / All) TEELO-CLONE: ok oj base is gone
(20:43 / All) TEELO-CLONE: so is reds
(20:45 / All) TEELO-CLONE: we got this
(20:49 / All) TEELO-CLONE: i just need those rifles dead
(20:50 / All) TEELO-CLONE: of red
(21:12 / All) shadradoo: rifles are pussy
(21:17 / All) TEELO-CLONE: nvm he has nothing
(21:23 / All) TEELO-CLONE: defend ur base
(21:25 / All) TEELO-CLONE: and u guys winh
(21:45 / All) shadradoo: go pink go
(21:51 / All) TEELO-CLONE: coming
(21:52 / All) shadradoo: ill pay you via paypal
(22:25 / All) TEELO-CLONE: they are low on resources
(22:26 / All) TEELO-CLONE: no mines
(22:30 / All) TEELO-CLONE: can u get oj out of there
(22:38 / All) shadradoo: just kill units
(22:53 / All) TEELO-CLONE: k
(22:57 / All) TEELO-CLONE: hit
(22:57 / All) TEELO-CLONE: red
(22:59 / All) TEELO-CLONE: bot left
(23:00 / All) TEELO-CLONE: yes yellow
(23:01 / All) TEELO-CLONE: with copters
(23:06 / All) TEELO-CLONE: dont let them expand
(23:07 / All) shadradoo: my guys dont attack land lmao
(23:17 / All) JR0CK: we lose
(23:19 / All) TEELO-CLONE: come on guys hlep me out a little
(23:20 / All) TEELO-CLONE: no u dont
(23:20 / All) TEELO-CLONE: wow
(23:21 / All) JR0CK: kill their heros
(23:27 / All) JR0CK: come kill their heros then
(23:30 / All) TEELO-CLONE: i nee djust a litttle hlep form u guys
(23:41 / All) shadradoo: got nothing to kill them with
(23:43 / Allies) Blade_Knight: they don't deserve to win how they played
(24:01 / All) shadradoo: they dont hit land
(24:04 / All) shadradoo: jackass green
(24:08 / All) TEELO-CLONE: come on guys
(24:12 / All) TEELO-CLONE: im chasing heros
(24:14 / All) TEELO-CLONE: and have bases to kill
(24:16 / All) shadradoo: just kill the bases lol
(24:56 / All) TEELO-CLONE: GUYS
(24:57 / All) TEELO-CLONE: HOLD ON
(24:58 / All) TEELO-CLONE: wow
(25:02 / All) TEELO-CLONE: just mas towers
(25:03 / All) shadradoo: what do u want me to do lol
(25:05 / All) TEELO-CLONE: im kiling their bases now
(25:05 / All) shadradoo: i cant hit land
(25:12 / All) shadradoo: have no gold
(25:43 / All) TEELO-CLONE: u guys have to help me out a little mass towers
(25:46 / All) TEELO-CLONE: they cant use purple
(25:49 / All) TEELO-CLONE: and they have no gold
(25:51 / All) TEELO-CLONE: they only have heros
(25:51 / All) shadradoo: got no money
(26:20 / All) TEELO-CLONE: guys
(26:21 / All) TEELO-CLONE: get something
(26:22 / All) TEELO-CLONE: wow
(26:24 / All) JR0CK: come kill reds hero in my base
(26:26 / All) JR0CK: quick
(26:31 / All) TEELO-CLONE: yea im coming
(26:34 / All) TEELO-CLONE: he can do avatar
(26:36 / All) shadradoo: I HAVE NO MONEY LOL
(27:16 / All) shadradoo: fuck that
(27:19 / All) TEELO-CLONE: fuck what?
(27:23 / All) TEELO-CLONE: imn kiling them now
(27:29 / All) TEELO-CLONE: ewow tp man
(27:37 / All) TEELO-CLONE: im doing everything this god damn game
(27:39 / All) shadradoo: i have no main
(27:41 / All) shadradoo: and nothing
(27:44 / All) shadradoo: lol
(27:47 / All) shadradoo: cant do anything brah
(28:29 / All) TEELO-CLONE: build up green
(28:30 / All) shadradoo: kill bases and we win
(28:32 / All) TEELO-CLONE: i ll protect u
(29:15 / All) shadradoo: lmao
(29:21 / All) shadradoo: go kill bases
(29:26 / All) shadradoo: we will fend for ourselves
(29:32 / All) TEELO-CLONE: build up green
(30:05 / All) TEELO-CLONE: well
(30:07 / All) TEELO-CLONE: im doing everything i guess
(30:14 / All) shadradoo: kill bases :)
(30:16 / All) TEELO-CLONE: keep building
(30:20 / All) TEELO-CLONE: i cnat or their heros wil lkil u
(30:25 / All) shadradoo: no they wont
(30:26 / All) shadradoo: lol
(30:38 / All) shadradoo: not afraid of heros
(31:00 / All) TEELO-CLONE: no no
(31:01 / All) TEELO-CLONE: man
(31:01 / All) shadradoo: finish them off
(31:05 / All) TEELO-CLONE: tp green
(31:06 / All) TEELO-CLONE: wow
(31:06 / All) TEELO-CLONE: p
(31:07 / All) TEELO-CLONE: tp
(31:15 / All) shadradoo: help green
(31:47 / All) zP.raw: lol
(31:56 / All) TEELO-CLONE: stay there now
(32:26 / All) TEELO-CLONE: keep towering up
(32:29 / All) TEELO-CLONE: ill protet ur expo
(32:40 / All) shadradoo: pink
(32:44 / All) shadradoo: in order for us to win
(32:50 / All) shadradoo: you gotta kill all your buildings lol
(33:18 / All) TEELO-CLONE: i know that
(33:19 / All) TEELO-CLONE: man
(33:22 / All) TEELO-CLONE: u hav eto understand
(33:26 / All) TEELO-CLONE: if i dont protect ur base
(33:27 / All) TEELO-CLONE: u guys lose
(33:36 / All) JR0CK: im good now
(33:38 / All) TEELO-CLONE: ok we got this
(33:40 / All) shadradoo: i know that too lol
(34:12 / All) shadradoo: wait
(34:14 / All) shadradoo: use red
(34:15 / All) shadradoo: pink
(34:28 / All) TEELO-CLONE: hell die
(34:39 / All) shadradoo: just kill him then
(34:54 / All) TEELO-CLONE: ok im finishing my base now
(34:57 / All) shadradoo: stop fighting
(35:09 / All) shadradoo: this is all i have lol
(35:34 / All) shadradoo: thanks for the win
(35:35 / All) shadradoo: :)
(35:37 / All) TEELO-CLONE: welcome
(35:39 / All) TEELO-CLONE: orange is a little nigger
(35:41 / All) TEELO-CLONE: that tries so hard
(35:46 / All) shadradoo: HAHA